 Seeded DCSS version 0.29-a0-322-g68df515 (webtiles) character file.

Game seed: 4207091908060292512 (custom seed)

3206 Illumine the Geomancer (level 9, -7/79 HPs)
             Began as a Deep Dwarf Earth Elementalist on Apr 7, 2022.
             Was a Follower of Ru.
             Mangled by a two-headed ogre
             ... wielding a +0 giant club
              (27 damage)
             ... on level 8 of the Dungeon on Apr 9, 2022.
             The game lasted 00:21:11 (9620 turns).

Illumine the Geomancer (DDEE)                       Turns: 9620, Time: 00:21:12

Health: -7/79      AC:  4    Str:  6    XL:     9   Next: 65%
Magic:  10/13      EV: 14    Int: 36    God:    Ru [*.....]
Gold:   394        SH:  0    Dex: 13    Spells: 5/18 levels left

rFire   . . .      SeeInvis .   y - +1 mace (drain)
rCold   . . .      Faith    .   (no shield)
rNeg    . . .      Spirit   .   B - +0 robe "Ihulom" {rElec Str-5 Int+9}
rPois   .          Reflect  .   A - +0 helmet
rElec   +          Harm     .   (no cloak)
rCorr   .          Rampage  .   (no gloves)
Will    +....                   j - +0 pair of boots
Stlth   ++........              (no amulet)
HPRegen 0.00/turn               h - +6 ring of intelligence
MPRegen 0.13/turn               F - ring of wizardry

@: studying Unarmed Combat
A: damage resistance, heal wounds, sense surroundings 2, unskilled 1, no
regeneration
a: Heal Wounds, Renounce Religion


You were on level 8 of the Dungeon.
You worshipped Ru.
Ru was aware of your devotion.
You visited 1 branch of the dungeon, and saw 8 of its levels.

You collected 514 gold pieces.
You spent 120 gold pieces at shops.

Inventory:

Hand Weapons
 y - a +1 mace of draining (weapon)
 z - a +4 hand axe of distortion
Missiles
 a - 199 stones
 m - 5 silver boomerangs
Armour
 b - a +0 robe
 j - a +0 pair of boots (worn)
 p - a +0 kite shield
 u - a +1 ring mail of poison resistance
 A - a +0 helmet (worn)
 B - the +0 robe "Ihulom" (worn) {rElec Str-5 Int+9}
   (You found it on level 4 of the Dungeon)

   Str:       It affects your strength (-5).
   Int:       It affects your intelligence (+9).
   rElec:     It insulates you from electricity.
Jewellery
 h - a +6 ring of intelligence (left hand)
 n - a ring of fire
 F - a ring of wizardry (right hand)
 H - a ring of fire
Wands
 D - a wand of acid (7)
Scrolls
 e - a scroll of enchant armour {unknown}
 i - 2 scrolls of fear
 k - a scroll of amnesia {unknown}
 l - 2 scrolls of magic mapping {unknown}
 q - 2 scrolls of immolation {unknown}
 v - a scroll of noise {unknown}
 x - 4 scrolls of teleportation
 C - a scroll of vulnerability {unknown}
 I - 2 scrolls of identify
 J - a scroll of enchant weapon {unknown}
 K - a scroll of torment {unknown}
Potions
 c - a potion of magic
 d - a potion of ambrosia {unknown}
 f - a potion of cancellation {unknown}
 g - 3 potions of mutation
 o - 4 potions of flight
 r - 3 potions of attraction
 s - 7 potions of curing
 t - 2 potions of lignification
 w - 2 potions of brilliance {unknown}
 E - 2 potions of haste
 G - a potion of heal wounds


   Skills:
 + Level 4.4 Fighting
 + Level 5.9 Dodging
 - Level 2.1 Stealth
 + Level 5.2 Spellcasting
 + Level 5.0 Conjurations
 - Level 0.9 Transmutations
 + Level 8.6 Earth Magic


You had 5 spell levels left.
You knew the following spells:

 Your Spells              Type           Power      Damage    Failure   Level
a - Sandblast             Erth           100%       2d20      1%          1
b - Stone Arrow           Conj/Erth      100%       3d13      1%          3
c - Lee's Rapid Deconstr  Erth           32%        3d17*     1%          5
d - Leda's Liquefaction   Hex/Erth       20%        N/A       2%          4

Your spell library contained the following spells:

 Spells                   Type           Power      Damage    Failure   Level
 Foxfire                  Conj/Fire      100%       2x1d9     1%          1
 Summon Small Mammal      Summ           36%        N/A       1%          1
 Passwall                 Tmut/Erth      35%        N/A       1%          2
 Conjure Flame            Conj/Fire      27%        6-21      1%          3
 Petrify                  Tmut/Erth      43%        N/A       2%          4
 Call Canine Familiar     Summ           9%         N/A       4%          3
 Frozen Ramparts          Ice            18%        1d3       4%          3
 Inner Flame              Hex/Fire       9%         N/A       4%          3
 Summon Guardian Golem    Hex/Summ       9%         N/A       4%          3
 Flame Wave               Conj/Fire      27%        2d7       6%          4
 Ice Form                 Ice/Tmut       12%        N/A       12%         4
 Summon Ice Beast         Ice/Summ       9%         N/A       16%         4
 Statue Form              Tmut/Erth      28%        N/A       32%         6


Dungeon Overview and Level Annotations

Branches:
Dungeon (8/15)             Temple (0/1) D:7
   Lair: D:8-11

Altars:
Ru

Shops:
D:3 ?   D:6 *[

Annotations:
D:7 Joseph
D:8 Psyche


Innate Abilities, Weirdness & Mutations

You are resistant to damage.
You can heal yourself by infusing magical energy.
You passively map the area around you.
You are somewhat unskilled. (-1 Apt)
You do not regenerate.


Message History

Aiming: Stone Arrow (safe; 1% risk of failure)
Press: ? - help, Shift-Dir - straight line, f/p - acid dragon
Aim: an acid dragon (severely wounded, 78% to hit)
The stone arrow hits the acid dragon!!
You kill the acid dragon!
Your Conjurations skill increases to level 5!
There is a stone staircase leading up here.
You climb upwards.
Level annotation: Joseph
There is a stone staircase leading down here.
You start resting.
Magic restored.
You see here a +0 shortbow.
You see here a +0 trident.
You enter the shallow water.
Moving in this stuff is going to be slow.
You enter the shallow water.
Moving in this stuff is going to be slow.
There is an open door here.
There is a stone staircase leading down here.
You climb downwards.
Level annotation: Psyche The two-headed ogre hits you with a +0 giant club!!
* * * LOW HITPOINT WARNING * * *
The two-headed ogre barely misses you.
There is a stone staircase leading up, spattered with blood here.
Okay, then.
As you read the scroll of fear, it crumbles to dust.
You assume a fearsome visage.
The two-headed ogre looks frightened!
Casting: Stone Arrow (safe; 1% risk of failure)
Confirm with . or Enter, or press ? or * to list all spells.
Aiming: Stone Arrow (safe; 1% risk of failure)
Press: ? - help, Shift-Dir - straight line, f - two-headed ogre
Aim: a two-headed ogre, wielding two +0 giant clubs (fleeing, 89% to hit)
The stone arrow hits the two-headed ogre!
The two-headed ogre is moderately wounded.
Your attack snaps the two-headed ogre out of its fear.
The two-headed ogre closely misses you.
The two-headed ogre hits you with a +0 giant club!!
You die...

* ..., , ...... ,
, ...... ,,,
....... , ,
,.......##########
,
....)...........#
*
.....[..........#
*
.....[>.........#
.......).@......#
*
.........O......#
* *
.......[.<......#
*
#################


You could see a two-headed ogre.

Vanquished Creatures
  Grinder (D:5)
  Sigmund (D:3)
  A wyvern (D:7)
  Menkaure (D:4)
  An acid dragon (D:8)
  A water moccasin (D:7)
  A black bear (D:4)
  2 sky beasts
  2 ogres (D:6)
  2 centaurs
  A phantom (D:4)
  A kobold brigand (D:8)
  2 bullfrogs (D:7)
  3 necrophages
  A gnoll sergeant (D:6)
  4 scorpions
  4 wights (D:6)
  A howler monkey (D:6)
  4 orc priests
  3 hounds
  2 jellies
  A gnoll shaman (D:8)
  Ijyb (D:4)
  4 iguanas
  5 orc wizards
  Robin (D:4)
  9 gnolls
  3 adders
  A shadow imp (D:4)
  A white imp (D:5)
  3 worms
  7 dart slugs
  18 orcs
  8 ball pythons
  8 bats
  6 endoplasms
  2 giant cockroaches
  12 goblins
  8 hobgoblins
  2 quokkas
  A frilled lizard (D:2)
  6 kobolds
  4 rats
150 creatures vanquished.

Notes
Turn   | Place    | Note
-------+----------+-------------------------------------------
     0 | D:1      | Illumine the Deep Dwarf Earth Elementalist began the quest
                  | for the Orb.
     0 | D:1      | Reached XP level 1. HP: 15/15 MP: 3/3
   286 | D:1      | Reached skill level 1 in Transmutations
   509 | D:1      | Reached XP level 2. HP: 22/22 MP: 1/5
  1402 | D:2      | Found a faded altar of an unknown god.
  1465 | D:2      | Reached XP level 3. HP: 28/28 MP: 2/6
  1469 | D:2      | Learned a level 3 spell: Stone Arrow
  1562 | D:2      | Reached skill level 5 in Earth Magic
  1888 | D:3      | Noticed Sigmund
  1918 | D:3      | Reached skill level 1 in Conjurations
  1918 | D:3      | Reached XP level 4. HP: 28/36 MP: 0/8
  2578 | D:3      | Reached XP level 5. HP: 22/42 MP: 5/9
  2819 | D:3      | Found Ushrabir's Magic Scroll Emporium.
  2829 | D:3      | Bought a scroll of identify for 22 gold pieces
  2829 | D:3      | Bought a scroll of fear for 38 gold pieces
  3149 | D:4      | Noticed Menkaure
  3149 | D:4      | Noticed a phantom
  3224 | D:4      | Noticed Robin
  3354 | D:4      | Reached skill level 6 in Earth Magic
  3604 | D:4      | Killed Robin
  3798 | D:4      | Reached XP level 6. HP: 32/50 MP: 3/11
  3923 | D:4      | Identified the +0 robe "Ihulom" {rElec Str-5 Int+9}
  3955 | D:4      | Reached skill level 1 in Fighting
  4083 | D:4      | Found a sacrificial altar of Ru.
  4109 | D:4      | Noticed a sky beast
  4134 | D:4      | Killed a sky beast
  4224 | D:3      | Killed Sigmund
  4225 | D:3      | Reached XP level 7. HP: 38/58 MP: 2/12
  4514 | D:4      | Noticed Ijyb
  4530 | D:4      | Killed Menkaure
  4531 | D:4      | Reached skill level 7 in Earth Magic
  4534 | D:4      | Killed Ijyb
  4640 | D:4      | Learned a level 5 spell: Lee's Rapid Deconstruction
  4829 | D:4      | Reached XP level 8. HP: 36/68 MP: 6/13
  5058 | D:5      | Entered Level 5 of the Dungeon
  5725 | D:5      | Noticed Grinder
  6018 | D:4      | Became a worshipper of Ru the Awakened
  6044 | D:5      | Paralysed by Grinder for 7 turns
  6054 | D:5      | Killed Grinder
  6385 | D:6      | Learned a level 4 spell: Leda's Liquefaction
  6404 | D:6      | Reached skill level 8 in Earth Magic
  6510 | D:6      | Reached skill level 5 in Dodging
  6788 | D:6      | Reached skill level 5 in Spellcasting
  6878 | D:6      | Found Hirchudem's Humungous Hoard.
  6885 | D:6      | Bought a potion of heal wounds for 60 gold pieces
  6898 | D:6      | Found Nuanta Righ's Antique Armour Shop.
  7259 | D:6      | Gained mutation: You passively map the area around you.
                  | [Deep Dwarf growth]
  7259 | D:6      | Reached XP level 9. HP: 27/78 MP: 7/14
  7917 | D:7      | Reached skill level 5 in Conjurations
  7917 | D:7      | Reached skill level 9 in Earth Magic
  8077 | D:7      | Found a staircase to the Ecumenical Temple.
  8328 | D:7      | Noticed Joseph
  8372 | D:7      | Gained mutation: You are somewhat unskilled. (-1 Apt) [Ru
                  | sacrifice]
  8372 | D:7      | Reduced skill Dodging to level 5
  8372 | D:7      | Reduced skill Earth Magic to level 8
  8372 | D:7      | Reached * piety under Ru
  9022 | D:8      | Noticed Psyche
  9535 | D:8      | Noticed a two-headed ogre
  9538 | D:8      | Reached skill level 5 in Conjurations
  9620 | D:8      | Mangled by a two-headed ogre

Illustrated notes

Levels and vault maps discovered:
D:1:      saegor_arrival_simple_d, layout_basic, minmay_3d_cube
D:2:      layout_rooms, hellmonk_ecumenical_altar_inner_sanctum,
          dreamdust_mushroom_princess
D:3:      minmay_evil_eye, layout_rooms, serial_shops,
          nicolae_shop_hallway_plus, uniq_sigmund
D:4:      layout_cave_pools, mainiacjoe_overflow_surrounded_room,
          item_on_display_a, uniq_robin, uniq_ijyb, uniq_menkaure
D:5:      layout_rooms, kennysheep_generic_room_8, uniq_grinder
D:6:      layout_cave_pools, nicolae_alphabet_shops, nicolae_take_the_stairs,
          kennysheep_small_circle
D:7:      layout_basic, minmay_temple_entry_ruins, serial_rivers,
          chequers_serial_rivers_large_a, chequers_serial_rivers_micro_a,
          chequers_serial_rivers_small_b, chequers_serial_rivers_room_a,
          chequers_serial_rivers_micro_a, chequers_serial_rivers_micro_c,
          uniq_joseph
D:8:      minmay_general_purpose_star, layout_gridville, lightli_minifort,
          uniq_psyche

Skill      XL: |  1  2  3  4  5  6  7  8  9 |
---------------+----------------------------+-----
Transmutations | 1 0 |  0.9
Spellcasting   | 2 3 4 5 |  5.2
Earth Magic    | 5 6 7 8 8 |  8.6
Conjurations   | 1 2 3 4 5 |  5.0
Fighting       | 1 2 3 4 |  4.4
Dodging        | 3 4 5 5 |  5.9
Stealth        | |  2.1

Action                   |  1- 3 |  4- 6 |  7- 9 || total
-------------------------+-------+-------+-------++-------
Melee: Club              |    35 |       |       ||    35
       Mace              |       |     2 |     2 ||     4
 Cast: Sandblast         |    21 |    26 |     9 ||    56
       Stone Arrow       |     5 |    53 |    92 ||   150
       Lee's Rapid Decon |       |       |     4 ||     4
Invok: Sacrifice Skill   |       |       |     1 ||     1
 Abil: Heal Wounds       |       |     1 |     5 ||     6
  Use: Scroll            |       |     3 |     5 ||     8
 Stab: Sleeping          |     4 |       |       ||     4
Armor: Robe              |    27 |    13 |     2 ||    42
Dodge: Dodged            |    41 |    29 |    17 ||    87

Table legend: (Time is in decaauts)
 A = Elapsed time spent in this place.
 B = Non-inter-level travel time spent in this place.
 C = Inter-level travel time spent in this place.
 D = Time resting spent in this place.
 E = Time spent auto-exploring this place.
 F = Levels seen in this place.
 G = Mean time per level.
                   A        B        C        D        E       F      G
               +--------+--------+--------+--------+--------+-----+--------+
         Total |   9671 |   9091 |    580 |   2774 |   4576 |   8 | 1208.9 |
       Dungeon |   9671 |   9091 |    580 |   2774 |   4576 |   8 | 1208.9 |
               +--------+--------+--------+--------+--------+-----+--------+

Top non-repeatable levels by time:
     D:3: 1836 daAuts
     D:7: 1592 daAuts
     D:6: 1392 daAuts
     D:5: 1250 daAuts
     D:1: 1189 daAuts
     D:4: 1169 daAuts
     D:2: 1051 daAuts
     D:8: 188 daAuts
